Map: Forteresse de fer EC

Players

ninefingers

  • Race: Terran Terran

AgCl - Winner!

  • Race: Protoss Protoss

VOD

Have the link to the VOD?

Description

Time

  • Played on: May 9, 2015, 11:42 p.m.
  • Length: 31:46
Show
View Real Time Build Order
Export as new Build Order

ninefingers Terran 

Build Orders: Reaper Expand, MMM Bio 

Get SALT Encoding   

  12  0:01  SCV  
  13  0:14  SCV  
  14  0:23  Supply Depot  
  14  0:28  SCV  
  15  0:44  SCV  
  15  0:47  Barracks  
  16  0:51  Refinery  
  16  0:56  SCV  
  17  1:09  SCV  
  18  1:21  SCV  
  19  1:29  Barracks  
  19  1:33  Orbital Command  
  19  1:37  Reaper  
  20  2:01  Command Center  
  20  2:13  Barracks Reactor  
  20  2:16  Barracks Tech Lab  
  20  2:17  SCV  
  21  2:30  Supply Depot  
  21  2:31  SCV  
  22  2:43  SCV  
  23  2:54  Stimpack  
  23  2:55  SCV  
  23  2:57  Marine x3  
  27  3:07  SCV  
  28  3:14  Marine  
  28  3:15  Marine x2  
  28  3:17  Orbital Command  
  28  3:19  SCV  
  32  3:23  Supply Depot  
  32  3:28  Factory  
  32  3:31  SCV  
  32  3:32  Marine x2  
  32  3:33  Marine  
  36  3:43  SCV  
  36  3:44  Refinery  
  37  3:50  Barracks, Marine x2  
  39  3:55  SCV  
  40  4:13  Command Center  
  40  4:20  SCV x2  
  40  4:21  Factory Reactor  
  40  4:24  Starport  
  41  4:32  SCV x2  
  43  4:39  Barracks Reactor  
  43  4:44  SCV x2  
  45  4:49  Supply Depot  
  45  4:56  Combat Shields, Engineering Bay, SCV x2  
  47  5:19  Missile Turret  
  47  5:20  Medivac  
  48  5:25  Refinery  
  48  5:27  Refinery, Marine x3  
  51  5:32  Barracks  
  51  5:35  Barracks x2  
  43  5:47  SCV  
  43  5:48  SCV x2  
  45  5:50  Missile Turret  
  45  6:00  SCV  
  45  6:01  Medivac  
  45  6:03  Factory Reactor  
  47  6:20  Orbital Command  
  47  6:22  Marine  
  47  6:23  Marine, Marauder  
  51  6:27  Barracks Tech Lab  
  51  6:28  Barracks Tech Lab x2  
  51  6:34  SCV x2  
  53  6:40  Marine  
  53  6:44  Marauder, Medivac x2  
  53  6:46  SCV x2  
  62  6:48  SCV  
  62  6:51  Supply Depot  
  63  6:55  Marine, Marauder x3  
  63  6:58  SCV x2  
  63  7:00  SCV  
  73  7:05  Marauder  
  75  7:10  SCV x2  
  75  7:12  Widow Mine x2  
  75  7:13  Supply Depot  
  81  7:15  Marine  
  81  7:16  Marine  
  83  7:25  SCV x2  
  83  7:27  Terran Infantry Weapons Level 1  
  85  7:33  Engineering Bay  
  85  7:35  SCV, Marauder  
  88  7:37  SCV x2  
  88  7:41  Widow Mine  
  90  7:45  Marine  
  90  7:46  Marauder  
  90  7:51  Missile Turret  
  93  7:59  SCV  
  93  8:07  Supply Depot x3  
  93  8:19  SCV  
  93  8:21  Marine  
  93  8:22  SCV  
  93  8:23  SCV, Marine  
  93  8:25  Marine x2  
  93  8:28  Marauder x4, Widow Mine  
  93  8:31  SCV  
  98  8:35  SCV  
  98  8:39  Marine  
  98  8:41  Marine  
  92  8:43  Marine x2  
  91  8:49  Marine  
  91  8:50  Marauder x3  
  98  8:56  Marine  
  98  8:58  Widow Mine x2  
  98  8:59  Medivac, Marine  
  104  9:08  Marauder  
  102  9:11  Marauder  
  98  9:17  Viking  
  98  9:24  Marauder  
  102  9:28  Terran Infantry Armor Level 1  
  102  9:29  Viking  
  104  9:37  Bunker  
  104  9:39  Armory  
  104  9:42  Widow Mine  
  104  9:43  Widow Mine  
  108  9:47  Viking, Missile Turret  
  108  9:51  SCV x2  
  108  9:52  SCV  
  113  10:02  Marine  
  113  10:03  Marauder, Marine  
  117  10:09  Supply Depot x2  
  117  10:14  Supply Depot  
  117  10:15  Supply Depot  
  117  10:25  Terran Infantry Weapons Level 2  
  117  10:30  SCV x3, Marauder x2  
  117  10:31  Marauder  
  117  10:34  Barracks  
  117  10:35  Barracks x2  
  126  10:38  Starport  
  126  10:39  Marine x2  
  126  10:40  Marauder  
  126  10:42  SCV  
  131  10:49  Marine x2  
  130  10:52  Marauder x2  
  130  10:53  Marauder  
  127  10:57  Marine  
  127  11:01  Marauder  
  109  11:10  Marine  
  100  11:13  SCV, Marauder x2  
  100  11:14  Marauder  
  106  11:22  Marauder  
  107  11:26  SCV  
  107  11:27  SCV x2  
  107  11:35  Marauder  
  107  11:38  SCV  
  107  11:39  SCV  
  95  11:40  Starport Reactor  
  95  11:47  Starport  
  95  11:58  SCV x3  
  98  12:09  Marine  
  98  12:10  SCV x3, Marauder x2  
  98  12:11  Marine  
  107  12:24  Terran Infantry Armor Level 2  
  107  12:41  Command Center  
  106  12:58  Viking x3  
  108  12:59  Viking  
  114  13:15  Terran Infantry Weapons Level 3  
  114  13:19  Marauder x2, Marine x3  
  114  13:20  Marauder x2  
  100  13:28  Viking x3  
  100  13:29  Viking  
  100  13:34  Marine  
  100  13:36  Marine  
  100  13:37  Marine x2  
  100  13:40  Marauder  
  100  13:41  Marauder x3  
  110  13:47  Widow Mine  
  110  13:48  Widow Mine  
  110  13:49  Starport Reactor  
  110  13:52  Marine  
  110  13:53  Terran Vehicle and Ship Weapons Level 1  
  110  13:54  Marine  
  114  13:58  Viking x4  
  114  14:02  Marauder x2  
  121  14:16  Widow Mine  
  119  14:28  Viking  
  119  14:29  Missile Turret  
  121  14:32  Viking x2  
  121  14:33  Viking x3  
  121  14:34  Widow Mine  
  133  14:38  Supply Depot  
  133  14:40  Supply Depot  
  133  14:43  Orbital Command  
  133  14:45  Widow Mine  
  135  14:50  Missile Turret  
  135  14:51  Missile Turret  
  135  14:58  Viking  
  137  15:02  Supply Depot x2, Widow Mine  
  137  15:05  Missile Turret x2  
  139  15:09  Barracks Reactor  
  139  15:10  Barracks Reactor x2  
  139  15:13  Widow Mine  
  141  15:14  Marine  
  141  15:15  Marauder x3  
  141  15:20  Command Center, Viking  
  150  15:24  Supply Depot  
  150  15:26  Supply Depot  
  150  15:31  Widow Mine  
  152  15:38  Marine  
  152  15:39  Marauder x4, Marine x3  
  152  15:42  Widow Mine  
  166  15:56  Marine  
  167  15:59  Widow Mine  
  167  16:02  Viking x4  
  175  16:11  Marauder, Marine  
  175  16:12  Marauder x2  
  181  16:38  Marauder, Marine x2  
  181  16:39  Marauder  
  159  16:54  Viking x2  
  131  16:58  Widow Mine x2  
  95  17:32  Refinery  
  95  17:37  Refinery x2  
  95  17:40  Refinery  
  95  17:44  Marine  
  95  17:45  Marine x13  
  109  18:02  Marine  
  109  18:03  Marine x13  
  120  18:18  Missile Turret  
  118  18:20  Planetary Fortress, Marine x2  
  118  18:32  SCV  
  118  18:33  SCV x3  
  122  18:45  SCV x4  
  126  18:52  Refinery  
  126  18:55  Refinery  
  126  18:57  SCV x4  
  130  19:03  Marine  
  130  19:04  Marine x13  
  130  19:09  SCV x3  
  147  19:13  Terran Vehicle and Ship Weapons Level 2  
  147  19:18  Armory  
  147  19:21  Marine  
  147  19:22  Marine  
  147  19:23  Missile Turret  
  147  19:24  Missile Turret  
  149  19:25  Missile Turret  
  149  19:27  Medivac x2  
  149  19:29  Marine, Medivac  
  149  19:30  Marine x7  
  163  19:38  Widow Mine x2  
  167  20:01  Terran Infantry Armor Level 3  
  167  20:03  Medivac  
  167  20:07  Widow Mine x2  
  173  20:26  Command Center  
  173  20:30  Medivac x3  
  173  20:31  Medivac  
  173  20:35  Widow Mine x2  
  185  20:52  Viking x2  
  189  21:00  Viking x3  
  189  21:01  Viking  
  195  21:07  Marauder, Marine  
  195  21:08  Marauder  
  197  21:13  Marauder, Marine x2  
  197  21:14  Marine x2  
  197  21:15  Marine  
  200  21:22  Medivac x2  
  183  21:30  Viking x2  
  183  21:36  Viking  
  179  21:47  Marauder, Marine  
  179  21:48  Marauder  
  151  21:56  Marine x2  
  151  21:57  Marauder  
  76  22:16  Marine  
  67  23:01  Orbital Command  
  67  23:10  Viking  
  67  23:11  Viking  
  71  23:15  Viking x4  
  60  23:38  Terran Vehicle And Ship Armor Level 1  
  60  23:40  Viking  
  60  23:41  Viking  
  64  23:45  Viking  
  64  23:47  SCV  
  61  23:58  Widow Mine x2  
  61  23:59  SCV  
  66  24:12  SCV  
  63  24:24  SCV  
  64  24:26  Widow Mine  
  64  24:27  Widow Mine  
  68  24:32  Viking x6  
  68  24:35  SCV x4  
  68  24:36  SCV  
  85  24:47  SCV  
  85  24:55  Widow Mine x2  
  86  25:01  Medivac  
  83  25:23  Widow Mine  
  89  25:57  Viking  
  89  25:58  Viking  
  89  26:25  Orbital Command  
  89  26:35  Viking x2  
  93  27:04  Viking  
  93  27:05  Viking  
  97  27:13  Terran Vehicle And Ship Armor Level 2  
  97  27:26  Viking x2  
  97  27:27  Widow Mine  
  97  27:28  Widow Mine  
  105  27:56  Widow Mine  
  105  27:57  Widow Mine  
  105  28:16  Viking x2  
  105  28:17  Viking x2  
  113  28:35  Viking x2  
  117  28:46  Viking x2  
  117  28:47  Viking, Terran Vehicle and Ship Weapons Level 3  
  110  29:31  Viking x4  
  112  29:32  Viking x2  
  112  29:34  Widow Mine x2  
  125  30:01  Viking  
  40  30:57  Viking  
  40  30:58  Viking x5  
Show
View Real Time Build Order
Export as new Build Order

AgCl Protoss - Winner!

Build Orders: Nexus First 

Get SALT Encoding   

  12  0:02  Probe  
  13  0:14  Probe  
  14  0:24  Pylon  
  14  0:41  Assimilator  
  14  0:42  Probe  
  15  0:54  Probe  
  16  1:04  Nexus  
  16  1:10  Probe  
  17  1:22  Gateway  
  17  1:23  Probe (Chrono Boost)  
  18  1:35  Probe (Chrono Boost)  
  19  1:41  Probe (Chrono Boost)  
  20  1:47  Pylon  
  20  1:52  Probe (Chrono Boost)  
  20  1:53  Assimilator  
  21  1:57  Pylon  
  22  2:01  Probe (Chrono Boost)  
  22  2:09  Probe (Chrono Boost)  
  23  2:17  Cybernetics Core, Probe (Chrono Boost)  
  23  2:21  Probe (Chrono Boost)  
  25  2:25  Pylon  
  25  2:28  Probe (Chrono Boost)  
  26  2:31  Probe (Chrono Boost)  
  27  2:38  Probe  
  27  2:43  Probe  
  29  2:49  Zealot (Chrono Boost)  
  31  2:53  Probe (Chrono Boost)  
  31  2:55  Mothership Core (Chrono Boost)  
  32  3:09  Adept  
  33  3:18  Probe (Chrono Boost)  
  35  3:24  Probe (Chrono Boost)  
  36  3:28  Probe (Chrono Boost)  
  36  3:31  Probe (Chrono Boost)  
  36  3:36  Probe (Chrono Boost)  
  37  3:42  Probe (Chrono Boost)  
  37  3:45  Pylon, Stargate  
  39  3:50  Probe (Chrono Boost)  
  39  3:53  Probe (Chrono Boost)  
  39  3:55  Assimilator  
  40  3:58  Probe (Chrono Boost)  
  40  4:02  Probe (Chrono Boost)  
  42  4:08  Probe (Chrono Boost)  
  42  4:09  Probe (Chrono Boost)  
  42  4:17  Probe (Chrono Boost)  
  43  4:18  Probe (Chrono Boost)  
  44  4:29  Probe (Chrono Boost)  
  44  4:30  Assimilator  
  44  4:31  Oracle (Chrono Boost)  
  44  4:36  Cybernetics Core, Probe (Chrono Boost)  
  44  4:38  Probe (Chrono Boost)  
  48  4:41  Warp Gate (Chrono Boost)  
  48  4:44  Probe  
  49  4:46  Probe  
  50  4:56  Probe, Pylon  
  51  5:00  Fleet Beacon  
  51  5:01  Probe, Pylon  
  51  5:05  Nexus  
  52  5:13  Probe x2 (Chrono Boost)  
  54  5:15  Adept  
  54  5:21  Pylon  
  54  5:25  Mothership Core (Chrono Boost)  
  54  5:26  Oracle (Chrono Boost)  
  54  5:27  Probe (Chrono Boost)  
  60  5:30  Protoss Air Weapons Level 1 (Chrono Boost)  
  60  5:35  Probe  
  61  5:40  Probe  
  61  5:42  Adept  
  64  5:50  Probe  
  64  5:52  Probe  
  66  5:58  Forge, Pylon  
  66  5:59  Gateway  
  67  6:05  Probe (Chrono Boost)  
  67  6:07  Probe (Chrono Boost)  
  68  6:13  Carrier (Chrono Boost)  
  68  6:17  Pylon  
  69  6:19  Probe (Chrono Boost)  
  69  6:29  Graviton Catapult, Probe (Chrono Boost)  
  72  6:34  Probe (Chrono Boost)  
  72  6:35  Probe (Chrono Boost)  
  72  6:38  Protoss Ground Weapons Level 1 (Chrono Boost)  
  78  6:43  Twilight Council  
  78  6:47  Stargate, Photon Cannon, Assimilator  
  78  6:49  Probe (Chrono Boost), Pylon  
  78  6:50  Photon Cannon  
  78  6:53  Assimilator  
  79  6:56  Probe x2 (Chrono Boost)  
  82  7:05  Gateway  
  82  7:06  Probe x2 (Chrono Boost)  
  82  7:07  Probe (Chrono Boost)  
  84  7:17  Probe  
  84  7:18  Probe  
  84  7:19  Probe  
  87  7:25  Photon Cannon  
  87  7:29  Probe  
  88  7:43  Carrier (Chrono Boost)  
  88  7:49  Carrier (Chrono Boost)  
  88  7:55  Adept x2  
  92  8:05  Charge (Chrono Boost)  
  104  8:11  Probe  
  105  8:14  Probe  
  105  8:15  Probe  
  105  8:17  Adept x2  
  99  8:35  Adept  
  99  8:40  Carrier (Chrono Boost)  
  94  8:46  Adept, Carrier (Chrono Boost)  
  94  8:47  Adept  
  96  8:56  Probe  
  104  9:17  Protoss Air Weapons Level 2 (Chrono Boost)  
  104  9:21  Pylon  
  105  9:25  Probe (Chrono Boost)  
  105  9:31  Protoss Ground Weapons Level 2 (Chrono Boost)  
  105  9:35  Nexus  
  105  9:36  Photon Cannon  
  105  9:38  Pylon, Assimilator  
  105  9:39  Gateway  
  105  9:41  Templar Archives, Carrier (Chrono Boost)  
  105  9:42  Gateway, Dark Shrine  
  105  9:43  Pylon, Assimilator  
  105  9:45  Gateway, Protoss Air Armor Level 1 (Chrono Boost), Pylon  
  105  9:46  Pylon, Stargate  
  105  9:47  Photon Cannon  
  105  9:48  Pylon  
  105  9:59  Carrier (Chrono Boost)  
  111  10:00  Mothership Core (Chrono Boost)  
  113  10:12  Psionic Storm  
  113  10:13  Shield Upgrade  
  119  10:22  High Templar  
  119  10:23  High Templar  
  123  10:33  Gateway  
  123  10:34  Gateway  
  123  10:35  Pylon  
  123  10:36  Pylon  
  99  11:08  Carrier (Chrono Boost)  
  99  11:15  Zealot x3  
  99  11:16  Carrier (Chrono Boost)  
  99  11:17  Zealot  
  107  11:19  Carrier (Chrono Boost)  
  109  11:39  Robotics Facility  
  111  11:40  Pylon, Photon Cannon  
  111  11:42  Pylon  
  111  11:43  Photon Cannon  
  111  11:46  Gateway  
  111  11:53  Protoss Air Weapons Level 3 (Chrono Boost)  
  111  11:57  Nexus  
  111  12:10  Protoss Ground Weapons Level 3 (Chrono Boost)  
  108  12:51  Observer  
  100  13:07  Probe  
  100  13:10  Gateway  
  100  13:11  Observer  
  102  13:14  Pylon  
  102  13:20  High Templar x2  
  102  13:24  Zealot, Carrier (Chrono Boost), High Templar  
  102  13:25  Zealot  
  112  13:33  Probe x2, Nexus  
  105  14:08  Carrier (Chrono Boost)  
  105  14:15  Probe (Chrono Boost)  
  104  14:17  Probe (Chrono Boost)  
  104  14:18  Probe (Chrono Boost)  
  106  14:48  Probe (Chrono Boost)  
  106  14:50  Photon Cannon  
  106  14:52  Probe x2 (Chrono Boost)  
  109  14:57  Probe (Chrono Boost)  
  109  14:58  Probe (Chrono Boost)  
  111  15:02  Probe  
  111  15:06  Protoss Air Armor Level 2 (Chrono Boost)  
  112  15:08  Protoss Shields Level 1 (Chrono Boost)  
  112  15:36  Adept  
  112  15:42  Adept  
  116  15:45  Phoenix (Chrono Boost)  
  116  16:21  Zealot x3  
  122  16:30  High Templar  
  122  16:31  Dark Templar x2  
  122  16:32  Dark Templar x2  
  116  17:12  High Templar  
  118  17:18  Nexus  
  118  17:46  Adept  
  120  17:54  Adept  
  122  18:00  Dark Templar  
  122  18:14  Protoss Shields Level 2 (Chrono Boost)  
  122  18:34  Pylon  
  118  19:08  Carrier (Chrono Boost)  
  118  19:10  Probe x3  
  118  19:11  Probe  
  122  19:22  Probe  
  122  19:23  Nexus  
  129  19:26  Pylon  
  129  19:30  Carrier (Chrono Boost)  
  129  19:35  Adept  
  137  19:54  Pylon  
  137  19:59  Adept  
  137  20:03  Carrier (Chrono Boost)  
  137  20:19  Carrier (Chrono Boost)  
  137  20:20  Pylon  
  143  20:33  Adept  
  142  21:03  Protoss Air Armor Level 3 (Chrono Boost)  
  100  22:05  Dark Templar  
  95  22:23  Probe (Chrono Boost)  
  95  22:45  Dark Templar  
  97  22:54  Probe (Chrono Boost)  
  98  23:04  Probe (Chrono Boost)  
  99  23:08  Probe (Chrono Boost)  
  99  23:11  Probe (Chrono Boost)  
  102  23:23  Probe x2 (Chrono Boost)  
  103  23:32  Assimilator  
  103  23:38  Probe (Chrono Boost)  
  103  23:40  Probe (Chrono Boost)  
  105  23:53  Dark Templar  
  105  23:54  Probe (Chrono Boost)  
  108  23:58  Probe (Chrono Boost)  
  109  24:07  Probe (Chrono Boost)  
  110  24:10  Probe (Chrono Boost)  
  111  24:18  Assimilator  
  111  24:19  Probe  
  111  24:23  Probe  
  113  24:31  Probe  
  113  24:35  Probe  
  115  24:43  Probe (Chrono Boost)  
  116  24:47  High Templar  
  116  24:50  High Templar  
  116  24:51  Probe (Chrono Boost)  
  121  24:55  Probe (Chrono Boost)  
  121  24:56  Dark Templar  
  124  25:03  Probe x2 (Chrono Boost)  
  126  25:12  Probe x2  
  128  25:24  Probe x2  
  130  25:36  Probe  
  130  25:37  Probe  
  132  25:48  Probe  
  132  25:49  Probe  
  134  25:57  Nexus  
  134  26:00  Probe  
  134  26:01  Protoss Shields Level 3 (Chrono Boost)  
  135  26:09  Probe  
  136  26:12  Probe  
  136  26:37  Carrier (Chrono Boost)  
  137  26:44  Pylon  
  135  26:47  Probe  
  142  27:06  Photon Cannon  
  142  27:15  Probe (Chrono Boost)  
  143  27:29  Probe (Chrono Boost)  
  145  27:30  Probe (Chrono Boost)  
  145  27:37  Photon Cannon  
  145  27:40  Photon Cannon  
  145  27:41  Pylon  
  145  27:45  Assimilator  
  145  27:46  Dark Templar  
  145  27:50  Assimilator  
  147  27:51  Phoenix (Chrono Boost)  
  149  28:07  Adept  
  149  28:08  Zealot  
  151  28:17  Protoss Ground Armor Level 1 (Chrono Boost)  
  149  28:38  Zealot  
  149  28:39  Zealot x3  
  149  28:40  Zealot  
  149  28:41  Adept  
  159  28:53  Carrier (Chrono Boost)  
  159  28:58  Gateway  
  159  29:00  Pylon  
  149  29:07  Adept x2  
  149  29:08  Gateway, Zealot x3  
  149  29:09  Zealot  
  159  29:14  Photon Cannon  
  153  29:58  Nexus  
  153  30:00  Assimilator  
  153  30:04  Gateway x2, Assimilator  
  153  30:07  Pylon  
  153  30:11  Pylon  
  153  30:16  Mothership Core (Chrono Boost)  
  155  30:21  Carrier (Chrono Boost)  
  137  30:55  Photon Cannon  
  137  31:06  Adept x2  
  137  31:07  Zealot x2  
  139  31:36  Dark Templar  
  139  31:37  Dark Templar, Zealot x2  
Tags
 
Add a new tag
Caveats
  • Supply blocks, unpowered buildings, or Contaminate may cause inaccurate times.
  • Supply counts are checked every 10 seconds.